 Dungeon Crawl Stone Soup version 0.26-a0-110-g95b6527cb0 (webtiles) character file.

Game seed: 3001226723240575675

5 Gargoyl the Skirmisher (level 1, -2/15 HPs)
             Began as a Centaur Abyssal Knight on June 23, 2020.
             Was an Initiate of Lugonu.
             Slain by a leopard gecko (4 damage)
             ... on level 1 of the Dungeon.
             The game lasted 00:01:44 (435 turns).

Gargoyl the Skirmisher (Centaur Abyssal Knight)      Turns: 435, Time: 00:01:44

Health: -2/15      AC:  7    Str: 10      XL:     1   Next: 66%
Magic:  1/1        EV:  2    Int:  8 (11) God:    Lugonu [......]
Gold:   58         SH:  0    Dex:  7 (8)  Spells: 0/0 levels left

rFire    . . .     SeeInvis .   a - +1 hand axe
rCold    . . .     Faith    .   (no shield)
rNeg     . . .     Spirit   .   d - +0 chain mail
rPois    .         Reflect  .   (no helmet)
rElec    .         Harm     .   (no cloak)
rCorr    .         Rnd*Rage +   (no gloves)
MR       .....                  (no barding)
Stlth    ..........             (no amulet)
HPRegen  0.05/turn              (no ring)
MPRegen  0.07/turn              (no ring)

@: very quick
A: large, hooves 3, [berserk 2], deformed body, [deterioration 2], speed 2,
[frail 2], [low mp 3], [screaming 3], tough skin 3, [weak 2]
a: Renounce Religion


You were on level 1 of the Dungeon.
You worshipped Lugonu.
Lugonu was noncommittal.
You were not hungry.

You visited 1 branch of the dungeon, and saw 1 of its levels.
You visited the Abyss 1 time.

You collected 58 gold pieces.

Inventory:

Hand Weapons
 a - a +1 hand axe (weapon)
Armour
 d - a +0 chain mail (worn)
Potions
 b - a potion of curing
Comestibles
 c - 2 rations
 f - 3 chunks of flesh


   Skills:
 + Level 3.1 Fighting
 + Level 1.8 Axes
 * Level 1.5 Armour
 * Level 0.7 Dodging
 * Level 2.0 Invocations


You couldn't memorise any spells.
You didn't know any spells.
Your spell library was empty.

Dungeon Overview and Level Annotations

Branches:
Dungeon (1/15)

Altars:


Innate Abilities, Weirdness & Mutations

You have hooves in place of feet.
Armour fits poorly on your strangely shaped body.
You cover ground very quickly.
You have extremely tough skin. (AC +3)
[You often lose your temper in combat.]
[Your body often deteriorates upon taking damage.]
[You are very frail. (-20% HP)]
[Your magical capacity is extremely low. (-30% MP)]
[You frequently scream uncontrollably at your foes.]
[You are very weak. (Str -4)]


Message History

The bat barely misses you. The bat hits you but does no damage.
The leopard gecko bites you.
Your body deteriorates!
You feel clumsy. The bat hits you but does no damage.
The bat hits you but does no damage.
You closely miss the bat.
The bat is severely wounded.
The bat hits you but does no damage.
You closely miss the leopard gecko. Your kick misses the leopard gecko.
You closely miss the bat. The bat hits you but does no damage. x2
The leopard gecko bites you.
* * * LOW HITPOINT WARNING * * *
Your body deteriorates!
You feel dopey. The leopard gecko bites you.
* * * LOW HITPOINT WARNING * * *
You barely miss the leopard gecko. You kick the leopard gecko.
The leopard gecko is almost dead.
You barely miss the bat. The bat hits you but does no damage.
The leopard gecko bites you.
You die...

############
###......#...########
+.b................>.
#...?..#.#..#####.#
#.....##.#..#......
#.@l.....#..#.###..
##.#.###.#..#.# ##.
...#.....#....# #.
#########.#.#### #.
###.... #...#.# #.
#.......#.###.# #. #.#
#.......# #.
#.#####.##.##########.
####.......##...##.......


You could see a leopard gecko and a bat.

Vanquished Creatures
  A worm (D:1)
  A giant cockroach (D:1)
  A goblin (D:1)
3 creatures vanquished.

Notes
Turn   | Place    | Note
-------+----------+-------------------------------------------
     0 | Abyss:1  | Gargoyl the Centaur Abyssal Knight began the quest for the
                  | Orb.
     0 | Abyss:1  | Reached XP level 1. HP: 19/19 MP: 2/2
    54 | Abyss:1  | Noticed a large abomination
    64 | Abyss:1  | Noticed an eight-headed hydra skeleton
    64 | Abyss:1  | Noticed an ancient zyme
    78 | Abyss:1  | Noticed an orange demon
    91 | Abyss:1  | Noticed a raiju
    92 | Abyss:1  | Noticed a wretched star
    92 | Abyss:1  | Noticed a wretched star
   123 | Abyss:1  | Noticed a shadow
   126 | Abyss:1  | Noticed a hell hound
   131 | Abyss:1  | Noticed a blink frog
   214 | Abyss:3  | Noticed a neqoxec
   260 | Abyss:3  | Noticed a smoke demon
   264 | D:1      | Escaped the Abyss
   435 | D:1      | Slain by a leopard gecko

Illustrated notes

Levels and vault maps discovered:
D:1:      dpeg_arrival_brainrot, layout_basic

Action                   || total
-------------------------++-------
Melee: Hand axe          ||    15
       Kick              ||     4
Invok: Depart the Abyss  ||     1
  Use: Potion            ||     2
Armor: Chain mail        ||    18
Dodge: Dodged            ||     2

Table legend:
 A = Non-vault XP
 B = Vault XP
 C = Vault XP percentage of total XP
 D = Non-vault monster count
 E = Vault monster count
 F = Vault count percentage of total count
                 A         B        C        D         E       F
            +---------+---------+-------+---------+---------+-------
      Total |       4 |       4 |  50.0 |       2 |       1 |  33.3
            +---------+---------+-------+---------+---------+-------
        D:1 |       4 |       4 |  50.0 |       2 |       1 |  33.3
            +---------+---------+-------+---------+---------+-------
